 Dungeon Crawl Stone Soup version 0.30.0-10-gfe55d96785 (webtiles) character file.

Game seed: 11035144770835157108

181033 qw the Severer (level 18, -1/120 HPs)
             Began as a Gargoyle Cinder Acolyte on May 17, 2023.
             Was a High Priest of Okawaru.
             Slain by a wolf spider (7 damage)
             ... on level 4 of the Spider Nest.
             The game lasted 00:19:33 (27194 turns).

qw the Severer (Gargoyle Cinder Acolyte)           Turns: 27194, Time: 00:19:34

Health: -1/120     AC: 44    Str: 30    XL:     18   Next: 29%
Magic:  1/25       EV: 11    Int: 10    God:    Okawaru [*****.]
Gold:   2375       SH:  0    Dex: 11    Spells: 19/19 levels left

rFire   + + .        Y - +7 broad axe (heavy)
rCold   + . .        b - +2 kite shield {reflect}
rNeg    + + .        x - +3 plate armour of Mossyil {Dex+2}
rPois   inf          s - +2 hat {SInv}
rElec   +            h - scarf of Youthful Indiscretion {rC+ rF+, Regen+}
rCorr   .            m - +2 pair of gloves {Dex+3}
SInv    +            d - +2 pair of boots
Will    ++++.        f - amulet of regeneration Stlth
                     p - ring of Vuvous {rF+ rN+ Will++ Int-4 Dex+2}
HPRegen 2.00/turn    k - +5 ring of evasion
MPRegen 0.19/turn

%: reflection
@: about to teleport, heroic, flying, held
A: sickness immunity, AC +13, big wings, negative energy resistance 1,
electricity resistance, torment resistance 1, petrification resistance,
strong-willed 1, strong 1
a: Renounce Religion, Heroism, Finesse, Duel


You were on level 4 of the Spider Nest.
You worshipped Okawaru.
Okawaru was extremely pleased with you.
You visited 6 branches of the dungeon, and saw 30 of its levels.

You collected 3805 gold pieces.
You spent 1430 gold pieces at shops.


Innate Abilities, Weirdness & Mutations

You are immune to sickness and miasma.
Your stone body is resilient. (AC +13)
You are immune to poison.
Your large and strong wings let you fly.
You resist negative energy. (rN+)
You are resistant to electric shocks. (rElec)
You are resistant to unholy torment.
You are immune to petrification.
You are strong-willed. (Will+)
Your muscles are strong. (Str +4, Int/Dex -1)


   Skills:
 - Level 16.0(21.0) Fighting
 - Level 18.0(23.0) Axes
 - Level 7.3(12.3) Throwing
 + Level 13.5(18.5) Armour
 - Level 4.2(9.2) Dodging
 - Level 15.0(20.0) Shields
 - Level 1.0 Spellcasting
 - Level 3.0 Fire Magic
 - Level 10.0 Invocations


You had 19 spell levels left.
You didn't know any spells.
Your spell library contained the following spells:

 Spells                   Type           Power      Damage    Failure   Level
 Scorch                   Fire           12%        2d6       63%         2

Inventory:

Hand Weapons
 Y - a +7 heavy broad axe (weapon)
Missiles
 q - 10 boomerangs (quivered)
Armour
 b - a +2 kite shield of reflection (worn)
 d - a +2 pair of boots (worn)
 h - the scarf of Youthful Indiscretion (worn) {rC+ rF+, Regen+}
   (You acquired it on level 1 of the Spider Nest)

   Regen:     It increases your rate of health regeneration.
 m - a +2 pair of gloves of dexterity (worn)
 s - a +2 hat of see invisible (worn)
 t - a +2 helmet
 x - the +3 plate armour of Mossyil (worn) {Dex+2}
   (You acquired it on level 8 of the Dungeon)

   Dex:       It affects your dexterity (+2).
Jewellery
 f - an amulet of regeneration (around neck)
 i - an amulet of reflection
 k - a +5 ring of evasion (right hand)
 p - the ring of Vuvous (left hand) {rF+ rN+ Will++ Int-4 Dex+2}
   (You found it on level 5 of the Lair of Beasts)

   [ring of positive energy]

   Int:       It affects your intelligence (-4).
   Dex:       It affects your dexterity (+2).
   rF:        It protects you from fire.
   rN:        It protects you from negative energy.
   Will:      It greatly increases your willpower.
 u - a +5 ring of evasion
 y - a ring of protection from fire
Wands
 n - a wand of digging (13)
Scrolls
 a - 16 scrolls of identify
 r - 8 scrolls of teleportation
Potions
 c - 8 potions of curing
 e - 3 potions of mutation
 g - a potion of resistance
 j - 3 potions of heal wounds
 v - a potion of haste
 w - 3 potions of might
 z - 2 potions of magic

Dungeon Overview and Level Annotations

Branches:
Dungeon (15/15)            Temple (1/1) D:7            Lair (5/5) D:8
  Swamp (3/4) Lair:2       Spider (4/4) Lair:2        Slime (0/5) Lair:5
    Orc (2/2) D:12            Elf (0/3) Orc:2        Vaults (0/5) D:13
 Depths (0/4) D:15

Altars:
Ashenzari
Cheibriados
Dithmenos
Elyvilon
Fedhas
Gozag
Hepliaklqana
Kikubaaqudgha
Makhleb
Nemelex Xobeh
Okawaru
Qazlal
Ru
Sif Muna
Trog
Uskayaw
Vehumet
Wu Jian
Xom
Yredelemnul
Zin
The Shining One
Jiyva

Shops:
D:7 ?   D:9 =   D:10 ?   Orc:2 [[

Portals:
Trove: D:12 (give +4 demon blade)

Annotations:
D:5 3 runed translucent doors, qw's ghost, novice GrCA
D:7 3 runed translucent doors, qw's ghost, novice GrCA
D:10 1 runed translucent door
D:14 3 runed translucent doors, Imiczer's ghost, journeyman FoFi
D:15 1 transporter
Lair:5 1 runed translucent door


Message History

The wolf spider bites you but does no damage.
The ghost moth stares at you.
The jumping spider pounces on you but does no damage.
The jumping spider closely misses you.
The jumping spider pounces on you but does no damage.
The jumping spider misses you. The redback closely misses you.
The wolf spider hits you but does no damage.
The wolf spider bites you but does no damage.
The culicivora bites you but does no damage.
The jumping spider closely misses you. x2
The wolf spider hits you but does no damage.
The wolf spider bites you!
The jumping spider pounces on you but does no damage.
The jumping spider closely misses you.
The jumping spider pounces on you but does no damage.
The jumping spider barely misses you. The wolf spider hits you.
The wolf spider bites you but does no damage.
The jumping spider pounces on you!
You are even more entangled.
The jumping spider barely misses you. The culicivora barely misses you.
The wolf spider closely misses you.
The wolf spider bites you but does no damage.
The jumping spider closely misses you. x2; The jumping spider pounces on you.
The jumping spider barely misses you. The wolf spider hits you.
The wolf spider barely misses you. The ghost moth stares at you.
The wolf spider closely misses you.
The wolf spider bites you but does no damage.
The culicivora bites you but does no damage.
The jumping spider pounces on you!
The jumping spider bites you but does no damage.
The jumping spider misses you.
The jumping spider bites you but does no damage.
The jumping spider leaps!
27194 ||| READING 9 scrolls of teleportation.
As you read the scroll of teleportation, it crumbles to dust.
You feel strangely unstable.
The wolf spider hits you but does no damage.
The wolf spider bites you!
You die...

.....#
#^...#%....#^..
#... #...^#
#^..^#....^#
##.# #...##
#....#.%...#
##. ##..#
#.^..^#.....#
## #####
#^....#^...s# #
#....~#....^# #
##....~# #
#~~s..~# #
#^ss@ss# #


#.yssss# # #...s..# # ^^.....~.. # .^~.....~.~.. # ..#......#^..(. #
..#~....^#..... # #......#^.... # You could see a broodmother, a ghost moth
(invisible), 3 wolf spiders, 3 culicivoras, 3 jumping spiders and a redback.

Vanquished Creatures
  A tentacled monstrosity (Swamp:3)
  A thorn hunter (Swamp:3)
  3 emperor scorpions
  5 ghost moths
  2 broodmothers (Spider:2)
  A very ugly thing (D:15)
  3 dire elephants (Lair:5)
  A bunyip (Swamp:2)
  4 eleionomae
  Azrael (Orc:2)
  A spark wasp (Spider:2)
  A great orb of eyes (D:15)
  5 entropy weavers
  Erolcha (Orc:2)
  Harold (Lair:1)
  A jorogumo (Spider:4)
  5 hydras
  8 vault guards (D:13)
  5 radroaches
  4 ghost crabs
  2 catoblepae
  4 centaur warriors
  9 alligators
  A death knight (D:14)
  6 boulder beetles
  6 two-headed ogres
  2 tengu warriors
  5 orc high priests (Orc:2)
  9 death yaks
  2 spectral death yaks (Lair:5)
  A skyshark (Lair:3)
  6 goliath frogs
  10 pharaoh ants
  6 orb spiders
  5 spriggan druids
  A spectral anaconda (Lair:5)
  3 bog bodies
  A swamp dragon (Swamp:3)
  An obsidian statue (Lair:5)
  4 necromancers (Lair:5)
  3 orc knights
  2 steelbarb worms
  A deep elf zephyrmancer (D:12)
  2 lindwurms (Lair:5)
  3 deep elf pyromancers
  2 orc sorcerers (Orc:2)
  An oklob plant (Lair:5)
  23 wolf spiders
  A manticore (D:11)
  12 ugly things
  4 will-o-the-wisps
  7 elephants (Lair:5)
  8 cyclopes
  Maurice (D:10)
  A dire elephant zombie (Lair:5)
  5 moths of wrath
  5 black mambas
  7 slime creatures
  8 demonic crawlers
  A molten gargoyle (D:14)
  Maggie (D:10)
  11 cane toads
  2 torpor snails
  A komodo dragon (shapeshifter) (D:15)
  A dire elephant skeleton (Lair:5)
  An unseen horror (D:13)
  A kobold demonologist (D:8)
  A rime drake (Lair:3)
  3 tengu conjurers
  8 komodo dragons
  2 trolls
  7 tyrant leeches
  3 hornets
  2 polar bears
  24 tarantellas
  6 dream sheep (Lair:5)
  18 blink frogs
  A spectral elephant (Lair:5)
  44 jumping spiders
  4 shadows
  2 vampires
  6 wraiths
  29 culicivoras
  8 spriggans
  47 yaks
  2 wyverns
  22 fire elementals
  2 steam dragons
  A basilisk (D:12)
  2 death yak simulacra (Lair:5)
  3 spectral cane toads (Lair:5)
  2 wargs (D:8)
  42 redbacks
  24 vampire mosquitoes
  11 swamp worms
  19 water moccasins
  2 acid dragons
  6 hell hounds (Orc:2)
  2 hornet zombies (D:7)
  25 orc warriors
  2 ice beasts
  3 ogres
  5 black bears
  18 centaurs
  5 kobold brigands
  13 bullfrogs
  3 wyvern zombies (D:7)
  2 scorpions
  2 cane toad simulacra (Lair:5)
  A water moccasin zombie (D:7)
  10 wights
  An elephant simulacrum (Lair:5)
  14 killer bees
  3 howler monkeys
  An electric eel (Spider:3)
  2 bullfrog zombies (D:7)
  8 centaur zombies (D:7)
  A jelly (D:6)
  2 hounds
  32 orc priests
  4 iguanas
  An iron imp (D:8)
  A sleepcap (D:5)
  Ijyb (D:3)
  33 orc wizards
  A howler monkey zombie (D:7)
  4 gnolls (D:8)
  8 adders
  5 river rats (D:6)
  2 shadow imps
  2 white imps
  2 ufetubi (D:6)
  3 worms
  5 dart slugs
  64 orcs
  5 endoplasms
  2 giant cockroaches
  5 goblins
  6 hobgoblins
  10 jackals
  6 quokkas
  6 ball pythons
  10 bats
  2 frilled lizards
  20 kobolds
  4 rats
973 creatures vanquished.

Vanquished Creatures (others)
  An alligator (Swamp:3)
  A sun moth (Spider:2)
  8 foxfires
10 creatures vanquished.

Grand Total: 983 creatures vanquished

Notes
Turn   | Place    | Note
-------+----------+-------------------------------------------
     0 | D:1      | qw the Gargoyle Cinder Acolyte began the quest for the Orb.
     0 | D:1      | Reached XP level 1. HP: 14/14 MP: 2/2
     0 | D:1      | 0 ||| qw: Version: 0.2-a-95-g206ef33
     0 | D:1      | 0 ||| qw: Game counter: 189
     0 | D:1      | 0 ||| qw: Always use a shield: true
     0 | D:1      | 0 ||| qw: God list: Okawaru
     0 | D:1      | 0 ||| qw: Allow faded altars: false
     0 | D:1      | 0 ||| qw: Do Orc after D:15 true
     0 | D:1      | 0 ||| qw: Do second Lair branch before Depths: true
     0 | D:1      | 0 ||| qw: Lair rune preference: random
     0 | D:1      | 0 ||| qw: Plans: Normal
     0 | D:1      | 0 ||| PLANNING D:1-11
    13 | D:1      | 13 ||| Stepping ~*~*~tactically~*~*~ (stealth).
    15 | D:1      | 15 ||| Stepping ~*~*~tactically~*~*~ (stealth).
    56 | D:1      | 56 ||| Stepping ~*~*~tactically~*~*~ (stealth).
    96 | D:1      | Reached skill level 3 in Axes
   141 | D:1      | 141 ||| INVOKING Fiery Armour.
   144 | D:1      | Reached XP level 2. HP: 19/19 MP: 3/3
   229 | D:1      | Found a faded altar of an unknown god.
   265 | D:1      | 265 ||| Stepping ~*~*~tactically~*~*~ (hiding).
   269 | D:1      | 269 ||| Stepping ~*~*~tactically~*~*~ (hiding).
   378 | D:1      | Reached XP level 3. HP: 19/23 MP: 4/4
   498 | D:1      | 498 ||| UPGRADING to amulet of regeneration.
   503 | D:1      | 503 ||| READING scroll labelled TELOETW YD VABLU.
   604 | D:1      | 604 ||| READING scroll labelled KAFANW NIOZXA.
   605 | D:1      | 605 ||| DRINKING 2 brown potions.
   691 | D:2      | 691 ||| Stepping ~*~*~tactically~*~*~ (hiding).
   826 | D:2      | Reached skill level 4 in Axes
   868 | D:2      | 868 ||| Stepping ~*~*~tactically~*~*~ (hiding).
   923 | D:2      | 923 ||| Stepping ~*~*~tactically~*~*~ (stealth).
   937 | D:2      | Reached XP level 4. HP: 28/28 MP: 5/5
  1089 | D:2      | Found a bloodstained altar of Trog.
  1235 | D:2      | 1235 ||| UPGRADING to +0 cloak.
  1240 | D:2      | 1240 ||| UPGRADING to +0 leather armour.
  1250 | D:2      | 1250 ||| DROPPING +0 robe.
  1251 | D:2      | 1251 ||| DROPPING amulet of the acrobat.
  1252 | D:2      | 1252 ||| READING scroll labelled MUDABE YCLUMET.
  1253 | D:2      | 1253 ||| READING 2 scrolls labelled HICKAKK RAMIR.
  1254 | D:2      | 1254 ||| DROPPING scroll of fear.
  1329 | D:3      | 1329 ||| Stepping ~*~*~tactically~*~*~ (stealth).
  1474 | D:3      | Noticed Ijyb
  1487 | D:3      | Killed Ijyb
  1509 | D:3      | 1509 ||| Stepping ~*~*~tactically~*~*~ (hiding).
  1522 | D:3      | 1522 ||| INVOKING Fiery Armour.
  1524 | D:3      | Reached skill level 5 in Axes
  1526 | D:3      | Reached skill level 1 in Armour
  1526 | D:3      | Reached XP level 5. HP: 18/32 MP: 6/6
  2254 | D:3      | 2254 ||| UPGRADING to +5 ring of evasion.
  2255 | D:3      | 2255 ||| READING scroll labelled WOMUANN UXZOQA.
  2256 | D:3      | 2256 ||| READING scroll labelled HABBURASIMM.
  2325 | D:4      | 2325 ||| Stepping ~*~*~tactically~*~*~ (stealth).
  2601 | D:4      | Found a radiant altar of Vehumet.
  2601 | D:4      | Found a broken altar of Ashenzari.
  2665 | D:4      | Found a basalt altar of Yredelemnul.
  2985 | D:4      | 2985 ||| UPGRADING to +0 ring mail.
  2995 | D:4      | 2995 ||| DROPPING +0 leather armour.
  2996 | D:4      | 2996 ||| UPGRADING to +2 helmet.
  3001 | D:4      | 3001 ||| READING scroll labelled JIMEZX NIUW.
  3002 | D:4      | 3002 ||| READING 2 scrolls labelled BAUTHR QAM JIJI.
  3005 | D:4      | 3005 ||| DRINKING 2 fizzy inky potions.
  3110 | D:4      | 3110 ||| DRINKING 2 fizzy golden potions.
  3111 | D:4      | 3111 ||| DROPPING potion of berserk rage.
  3112 | D:4      | 3112 ||| DROPPING potion of attraction.
  3135 | D:5      | Entered Level 5 of the Dungeon
  3145 | D:5      | Reached skill level 1 in Throwing
  3145 | D:5      | Reached XP level 6. HP: 38/38 MP: 7/7
  3241 | D:5      | Noticed a yak
  3242 | D:5      | 3242 ||| Stepping ~*~*~tactically~*~*~ (stealth).
  3243 | D:5      | Noticed a black bear
  3246 | D:5      | Noticed a shadow
  3249 | D:5      | Noticed an ice beast
  3250 | D:5      | 3250 ||| INVOKING Fiery Armour.
  3268 | D:5      | Killed a yak
  3269 | D:5      | Reached skill level 6 in Axes
  3269 | D:5      | Reached XP level 7. HP: 35/43 MP: 8/8
  3289 | D:5      | Killed a shadow
  3290 | D:5      | Reached skill level 3 in Armour
  3431 | D:5      | Found a runed translucent gate.
  3431 | D:5      | Found a runed translucent gate.
  3432 | D:5      | Found a runed translucent gate.
  3432 | D:5      | Noticed qw's ghost (novice GrCA)
  3703 | D:5      | Reached skill level 7 in Axes
  3717 | D:5      | Reached XP level 8. HP: 48/49 MP: 9/9
  3915 | D:5      | 3915 ||| DRINKING 3 dark potions.
  3923 | D:6      | 3923 ||| PLANNING SEWER
  3975 | D:6      | 3975 ||| Stepping ~*~*~tactically~*~*~ (stealth).
  3991 | D:6      | 3991 ||| Stepping ~*~*~tactically~*~*~ (stealth).
  4071 | D:6      | Reached skill level 8 in Axes
  4171 | D:6      | You fall into a shaft and drop 1 floor!
  4171 | D:7      | Found a sparkling altar of Nemelex Xobeh.
  4189 | D:7      | 4189 ||| INVOKING Fiery Armour.
  4192 | D:7      | 4192 ||| Stepping ~*~*~tactically~*~*~ (hiding).
  4216 | D:7      | Reached skill level 6 in Fighting
  4223 | D:7      | Reached skill level 1 in Dodging
  4279 | D:7      | Reached XP level 9. HP: 56/56 MP: 10/10
  4284 | D:7      | Reached skill level 9 in Axes
  4330 | D:7      | 4330 ||| UPGRADING to +0 buckler.
  4335 | D:7      | 4335 ||| UPGRADING to +0 scale mail.
  4345 | D:7      | 4345 ||| DROPPING +0 ring mail.
  4346 | D:7      | 4346 ||| UPGRADING to ring of willpower.
  4347 | D:7      | 4347 ||| DRINKING 2 coppery potions.
  4347 | D:7      | Gained mutation: A frigid envelope surrounds you and
                  | freezes all who hurt you. [potion of mutation]
  4347 | D:7      | Gained mutation: Armour fits poorly on your strangely
                  | shaped body. [potion of mutation]
  4348 | D:7      | 4348 ||| DRINKING potion of mutation.
  4348 | D:7      | Lost mutation: Armour fits poorly on your strangely shaped
                  | body. [potion of mutation]
  4348 | D:7      | Lost mutation: A frigid envelope surrounds you and freezes
                  | all who hurt you. [potion of mutation]
  4348 | D:7      | Gained mutation: You are strong-willed. (Will+) [potion of
                  | mutation]
  4348 | D:7      | Gained mutation: Your muscles are strong. (Str +4, Int/Dex
                  | -1) [potion of mutation]
  4349 | D:7      | 4349 ||| READING 3 scrolls of identify.
  4349 | D:7      | 4349 ||| IDENTIFYING puce potion
  4350 | D:7      | 4350 ||| READING 2 scrolls of identify.
  4350 | D:7      | 4350 ||| IDENTIFYING fuming ruby potion
  4358 | D:7      | Reached skill level 1 in Shields
  4390 | D:7      | Reached skill level 3 in Shields
  4552 | D:6      | 4552 ||| RIP SEWER
  4608 | D:6      | 4608 ||| PLANNING D:1-11
  4631 | D:6      | 4631 ||| INVOKING Fiery Armour.
  5043 | D:6      | 5043 ||| UPGRADING to +0 chain mail.
  5053 | D:6      | 5053 ||| DROPPING +0 scale mail.
  5054 | D:6      | 5054 ||| READING scroll labelled HAYPRI KULO.
  5055 | D:6      | 5055 ||| READING 3 scrolls labelled JOALYM VUYBLE.
  5055 | D:6      | Identified 3 scrolls of acquirement
  5055 | D:6      | 5055 ||| ACQUIRING +8 war axe "Fish" {elec, rElec rN+ Int+3
                  | Dex-3}
  5055 | D:6      | Acquired the +8 war axe "Fish" {elec, rElec rN+ Int+3
                  | Dex-3}
  5056 | D:6      | 5056 ||| READING 2 scrolls of acquirement.
  5056 | D:6      | 5056 ||| ACQUIRING +2 kite shield of reflection
  5056 | D:6      | Acquired a +2 kite shield of reflection
  5057 | D:6      | 5057 ||| READING scroll of acquirement.
  5057 | D:6      | 5057 ||| ACQUIRING 1000 gold pieces
  5057 | D:6      | Acquired 1000 gold pieces
  5059 | D:6      | 5059 ||| SWAPPING to +8 war axe "Fish" {elec, rElec rN+
                  | Int+3 Dex-3}.
  5060 | D:6      | 5060 ||| UPGRADING to +2 kite shield of reflection.
  5070 | D:6      | 5070 ||| DROPPING +0 buckler.
  5214 | D:7      | Found a runed translucent gate.
  5225 | D:7      | 5225 ||| Stepping ~*~*~tactically~*~*~ (stealth).
  5254 | D:7      | 5254 ||| Stepping ~*~*~tactically~*~*~ (stealth).
  5255 | D:7      | 5255 ||| Stepping ~*~*~tactically~*~*~ (stealth).
  5283 | D:7      | Reached skill level 6 in Shields
  5355 | D:7      | Found The Oracle's Delphic Readings.
  5363 | D:7      | Reached XP level 10. HP: 63/63 MP: 11/11
  5368 | D:7      | 5368 ||| BUYING scroll of enchant weapon (75 gold).
  5368 | D:7      | Bought a scroll of enchant weapon for 75 gold pieces
  5368 | D:7      | 5368 ||| BUYING scroll of enchant weapon (75 gold).
  5368 | D:7      | Bought a scroll of enchant weapon for 75 gold pieces
  5425 | D:7      | Found a runed translucent gate.
  5427 | D:7      | Noticed qw's ghost (novice GrCA)
  5428 | D:7      | Found a runed translucent gate.
  5677 | D:7      | Found a staircase to the Ecumenical Temple.
  5692 | D:7      | 5692 ||| Stepping ~*~*~tactically~*~*~ (hiding).
  5693 | D:7      | 5693 ||| Stepping ~*~*~tactically~*~*~ (hiding).
  5707 | D:7      | 5707 ||| Stepping ~*~*~tactically~*~*~ (stealth).
  5779 | D:7      | 5779 ||| READING scroll labelled BOELUNWUOSH.
  5780 | D:7      | 5780 ||| DRINKING 2 metallic emerald potions.
  5780 | D:7      | Lost dexterity.
  5783 | D:7      | 5783 ||| SWAPPING to -1 hand axe of flaming.
  5784 | D:7      | 5784 ||| READING 2 scrolls of enchant weapon.
  5784 | D:7      | 5784 ||| ENCHANTING -1 hand axe of flaming.
  5785 | D:7      | 5785 ||| READING scroll of enchant weapon.
  5785 | D:7      | 5785 ||| ENCHANTING +0 hand axe of flaming.
  5786 | D:7      | 5786 ||| DRINKING 2 bubbling golden potions.
  5787 | D:7      | 5787 ||| DROPPING potion of degeneration.
  5867 | D:8      | 5867 ||| Stepping ~*~*~tactically~*~*~ (hiding).
  5876 | D:8      | 5876 ||| INVOKING Fiery Armour.
  5893 | D:8      | Found a staircase to the Lair.
  6005 | D:8      | 6005 ||| READING scroll of acquirement.
  6005 | D:8      | 6005 ||| ACQUIRING +3 plate armour of Mossyil {Dex+2}
  6005 | D:8      | Acquired the +3 plate armour of Mossyil {Dex+2}
  6007 | D:8      | 6007 ||| UPGRADING to +0 plate armour.
  6017 | D:8      | 6017 ||| DROPPING +0 chain mail.
  6018 | D:8      | 6018 ||| UPGRADING to +3 plate armour of Mossyil {Dex+2}.
  6028 | D:8      | 6028 ||| DROPPING +0 plate armour.
  6032 | D:8      | 6032 ||| Stepping ~*~*~tactically~*~*~ (stealth).
  6138 | D:8      | Noticed a kobold demonologist
  6142 | D:8      | Reached skill level 6 in Armour
  6142 | D:8      | 6142 ||| INVOKING Fiery Armour.
  6155 | D:8      | Reached skill level 9 in Shields
  6155 | D:8      | 6155 ||| SWAPPING to +8 war axe "Fish" {elec, rElec rN+
                  | Int+3 Dex-3}.
  6156 | D:8      | Killed a kobold demonologist
  6165 | D:8      | Noticed a boulder beetle
  6165 | D:8      | Noticed a cyclops
  6166 | D:8      | 6166 ||| Stepping ~*~*~tactically~*~*~ (hiding).
  6171 | D:8      | Noticed a purple ugly thing
  6178 | D:8      | Killed a cyclops
  6182 | D:8      | Killed a purple ugly thing
  6183 | D:8      | Reached skill level 10 in Axes
  6189 | D:8      | Killed a boulder beetle
  6356 | D:8      | Reached XP level 11. HP: 68/68 MP: 12/12
  6388 | D:8      | Noticed a cyclops
  6388 | D:8      | Noticed a boulder beetle
  6389 | D:8      | 6389 ||| READING 2 scrolls of identify.
  6389 | D:8      | 6389 ||| IDENTIFYING fizzy puce potion
  6390 | D:8      | 6390 ||| Stepping ~*~*~tactically~*~*~ (hiding).
  6391 | D:8      | 6391 ||| Stepping ~*~*~tactically~*~*~ (hiding).
  6396 | D:8      | 6396 ||| INVOKING Fiery Armour.
  6400 | D:8      | Killed a cyclops
  6414 | D:8      | Killed a boulder beetle
  6482 | D:8      | 6482 ||| Stepping ~*~*~tactically~*~*~ (stealth).
  6484 | D:8      | 6484 ||| Stepping ~*~*~tactically~*~*~ (hiding).
  6712 | D:8      | Found a snail-covered altar of Cheibriados.
  6713 | D:8      | 6713 ||| PLANNING LAIR
  6713 | D:8      | 6713 ||| DROPPING potion of magic.
  6765 | Lair:1   | Entered Level 1 of the Lair of Beasts
  6851 | Lair:1   | Reached skill level 11 in Axes
  6865 | Lair:1   | Noticed Harold
  6866 | Lair:1   | 6866 ||| Stepping ~*~*~tactically~*~*~ (hiding).
  6879 | Lair:1   | Killed Harold
  7116 | Lair:1   | Found a glowing golden altar of the Shining One.
  7434 | Lair:1   | 7434 ||| DRINKING 2 black potions.
  7435 | Lair:1   | 7435 ||| READING 2 scrolls of identify.
  7435 | Lair:1   | 7435 ||| IDENTIFYING fuming clear potion
  7436 | Lair:1   | 7436 ||| DROPPING potion of lignification.
  7437 | Lair:1   | 7437 ||| DROPPING potion of invisibility.
  7570 | Lair:2   | Found a hole to the Spider Nest.
  7599 | Lair:2   | 7599 ||| Stepping ~*~*~tactically~*~*~ (stealth).
  7612 | Lair:2   | Reached skill level 9 in Fighting
  7616 | Lair:2   | Found a white marble altar of Elyvilon.
  7650 | Lair:2   | Noticed a death yak
  7651 | Lair:2   | 7651 ||| INVOKING Fiery Armour.
  7661 | Lair:2   | Killed a death yak
  7676 | Lair:2   | Noticed a death yak
  7676 | Lair:2   | Noticed a death yak
  7678 | Lair:2   | Noticed a death yak
  7679 | Lair:2   | Noticed a death yak
  7679 | Lair:2   | Noticed a death yak
  7680 | Lair:2   | 7680 ||| Stepping ~*~*~tactically~*~*~ (stealth).
  7690 | Lair:2   | Killed a death yak
  7691 | Lair:2   | Killed a death yak
  7696 | Lair:2   | Killed a death yak
  7697 | Lair:2   | Reached XP level 12. HP: 58/76 MP: 13/13
  7697 | Lair:2   | Killed a death yak
  7699 | Lair:2   | Killed a death yak
  7700 | Lair:2   | Reached skill level 12 in Axes
  7779 | Lair:2   | Found a staircase to the Swamp.
  7984 | Lair:2   | You fall into a shaft and drop 2 floors!
  7986 | Lair:4   | Noticed a death yak
  7986 | Lair:4   | Noticed a death yak
  7987 | Lair:4   | 7987 ||| INVOKING Fiery Armour.
  7987 | Lair:4   | Noticed a death yak
  7999 | Lair:4   | Killed a death yak
  8002 | Lair:4   | Killed a death yak
  8004 | Lair:4   | Killed a death yak
  8053 | Lair:4   | 8053 ||| UPGRADING to +4 ring of protection.
  8055 | Lair:4   | 8055 ||| DROPPING ring of ice.
  8056 | Lair:4   | 8056 ||| DROPPING ring of willpower.
  8057 | Lair:4   | 8057 ||| READING scroll labelled OMOYCOTZAVE.
  8087 | Lair:3   | 8087 ||| Stepping ~*~*~tactically~*~*~ (stealth).
  8087 | Lair:3   | Noticed a six-headed hydra
  8092 | Lair:3   | 8092 ||| SWAPPING to +1 hand axe of flaming.
  8096 | Lair:3   | Killed a two-headed hydra
  8097 | Lair:3   | 8097 ||| SWAPPING to +8 war axe "Fish" {elec, rElec rN+
                  | Int+3 Dex-3}.
  8105 | Lair:3   | Noticed a boulder beetle
  8107 | Lair:3   | 8107 ||| INVOKING Fiery Armour.
  8115 | Lair:3   | Killed a boulder beetle
  8148 | Lair:3   | Noticed a skyshark
  8151 | Lair:3   | 8151 ||| Stepping ~*~*~tactically~*~*~ (stealth).
  8161 | Lair:3   | Killed a skyshark
  8162 | Lair:3   | Reached skill level 13 in Axes
  8172 | Lair:3   | 8172 ||| Stepping ~*~*~tactically~*~*~ (stealth).
  8186 | Lair:3   | Reached skill level 9 in Armour
  8256 | Lair:3   | 8256 ||| READING 3 scrolls of identify.
  8256 | Lair:3   | 8256 ||| IDENTIFYING pink potion
  8257 | Lair:3   | 8257 ||| READING 2 scrolls of identify.
  8257 | Lair:3   | 8257 ||| IDENTIFYING inky potion
  8258 | Lair:3   | 8258 ||| DROPPING potion of ambrosia.
  8259 | Lair:3   | 8259 ||| DROPPING potion of flight.
  8269 | Lair:3   | Reached skill level 3 in Throwing
  8282 | Lair:2   | 8282 ||| INVOKING Fiery Armour.
  8297 | Lair:2   | Reached XP level 13. HP: 82/82 MP: 14/14
  8651 | Lair:3   | 8651 ||| Stepping ~*~*~tactically~*~*~ (stealth).
  8656 | Lair:3   | 8656 ||| Stepping ~*~*~tactically~*~*~ (stealth).
  8657 | Lair:3   | 8657 ||| Stepping ~*~*~tactically~*~*~ (stealth).
  8768 | Lair:3   | 8768 ||| INVOKING Fiery Armour.
  9458 | Lair:3   | 9458 ||| DROPPING scarf of shadows.
  9459 | Lair:3   | 9459 ||| READING scroll labelled UGUIXI JULIA.
  9559 | Lair:4   | 9559 ||| Stepping ~*~*~tactically~*~*~ (stealth).
  9563 | Lair:4   | Reached skill level 14 in Axes
  9688 | Lair:4   | 9688 ||| INVOKING Fiery Armour.
  9710 | Lair:4   | 9710 ||| PLANNING TEMPLE
  9818 | Temple   | Entered the Ecumenical Temple
  9819 | Temple   | 9819 ||| PLANNING OKAWARU WORSHIP
  9934 | Temple   | Fell from the grace of Ignis
  9934 | Temple   | Became a worshipper of Warmaster Okawaru
  9935 | Temple   | 9935 ||| PLANNING LAIR
  9948 | D:7      | 9948 ||| Stepping ~*~*~tactically~*~*~ (stealth).
 10583 | Lair:5   | Entered Level 5 of the Lair of Beasts
 10594 | Lair:5   | 10594 ||| Stepping ~*~*~tactically~*~*~ (stealth).
 10617 | Lair:5   | 10617 ||| SWAPPING to +1 hand axe of flaming.
 10622 | Lair:5   | Reached * piety under Okawaru
 10623 | Lair:5   | 10623 ||| SWAPPING to +8 war axe "Fish" {elec, rElec rN+
                  | Int+3 Dex-3}.
 10639 | Lair:5   | 10639 ||| INVOKING Heroism.
 10726 | Lair:5   | Reached skill level 1 in Invocations
 10755 | Lair:5   | 10755 ||| INVOKING Heroism.
 10771 | Lair:5   | Found a runed translucent door.
 10771 | Lair:5   | Found a viscous altar of Jiyva.
 10771 | Lair:5   | Noticed an acid blob
 10772 | Lair:5   | Found a staircase to the Slime Pits.
 10772 | Lair:5   | Noticed an acid blob
 10784 | Lair:5   | 10784 ||| Stepping ~*~*~tactically~*~*~ (stealth).
 10842 | Lair:5   | 10842 ||| Stepping ~*~*~tactically~*~*~ (stealth).
 10846 | Lair:5   | 10846 ||| Stepping ~*~*~tactically~*~*~ (stealth).
 10847 | Lair:5   | 10847 ||| Stepping ~*~*~tactically~*~*~ (stealth).
 10889 | Lair:5   | 10889 ||| INVOKING Heroism.
 10890 | Lair:5   | 10890 ||| Stepping ~*~*~tactically~*~*~ (stealth).
 10920 | Lair:5   | Found a glowing golden altar of the Shining One.
 10922 | Lair:5   | 10922 ||| INVOKING Heroism.
 10931 | Lair:5   | 10931 ||| Stepping ~*~*~tactically~*~*~ (stealth).
 10933 | Lair:5   | 10933 ||| Stepping ~*~*~tactically~*~*~ (stealth).
 10935 | Lair:5   | 10935 ||| Stepping ~*~*~tactically~*~*~ (stealth).
 10944 | Lair:5   | 10944 ||| INVOKING Heroism.
 10946 | Lair:5   | Reached skill level 3 in Invocations
 10959 | Lair:5   | 10959 ||| Stepping ~*~*~tactically~*~*~ (stealth).
 10960 | Lair:5   | 10960 ||| Stepping ~*~*~tactically~*~*~ (stealth).
 10962 | Lair:5   | 10962 ||| INVOKING Heroism.
 10967 | Lair:5   | 10967 ||| Stepping ~*~*~tactically~*~*~ (stealth).
 11012 | Lair:5   | Reached ** piety under Okawaru
 11017 | Lair:5   | Reached skill level 12 in Shields
 11098 | Lair:5   | 11098 ||| INVOKING Heroism.
 11351 | Lair:5   | 11351 ||| READING scroll of enchant armour.
 11351 | Lair:5   | 11351 ||| ENCHANTING +0 cloak.
 11437 | Lair:5   | Noticed a dire elephant
 11437 | Lair:5   | Noticed a dire elephant
 11438 | Lair:5   | Noticed a dire elephant
 11524 | Lair:5   | Gained mutation: Your large and strong wings let you fly.
                  | [Gargoyle growth]
 11524 | Lair:5   | Reached XP level 14. HP: 90/90 MP: 17/17
 11552 | Lair:5   | 11552 ||| INVOKING Heroism.
 11554 | Lair:5   | 11554 ||| Stepping ~*~*~tactically~*~*~ (hiding).
 11557 | Lair:5   | 11557 ||| Stepping ~*~*~tactically~*~*~ (hiding).
 11575 | Lair:5   | 11575 ||| INVOKING Heroism.
 11589 | Lair:5   | 11589 ||| INVOKING Heroism.
 11622 | Lair:5   | 11622 ||| DRINKING 2 potions of cancellation.
 11630 | Lair:5   | 11630 ||| DRINKING potion of cancellation.
 11633 | Lair:5   | 11633 ||| INVOKING Heroism.
 11651 | Lair:5   | 11651 ||| INVOKING Heroism.
 11683 | Lair:5   | 11683 ||| INVOKING Heroism.
 11712 | Lair:5   | 11712 ||| INVOKING Heroism.
 11732 | Lair:5   | 11732 ||| READING 6 scrolls of teleportation.
 11734 | Lair:5   | HP: 19/90 [smoke demon/divine providence[an obsidian
                  | statue] (13)]
 11735 | Lair:5   | 11735 ||| DRINKING 4 potions of heal wounds.
 11736 | Lair:5   | 11736 ||| DRINKING 3 potions of heal wounds.
 11737 | Lair:5   | 11737 ||| READING 5 scrolls of teleportation.
 11740 | Lair:5   | 11740 ||| INVOKING Heroism.
 12076 | Lair:5   | 12076 ||| Stepping ~*~*~tactically~*~*~ (stealth).
 12111 | Lair:5   | Reached skill level 15 in Axes
 12255 | Lair:5   | Reached *** piety under Okawaru
 12292 | Lair:5   | 12292 ||| INVOKING Heroism.
 12305 | Lair:5   | Killed a dire elephant
 12306 | Lair:5   | Reached skill level 12 in Fighting
 12308 | Lair:5   | 12308 ||| INVOKING Heroism.
 12326 | Lair:5   | Killed a dire elephant
 12328 | Lair:5   | Killed a dire elephant
 12399 | Lair:5   | 12399 ||| INVOKING Heroism.
 12400 | Lair:5   | 12400 ||| PLANNING LAIR
 12432 | Lair:5   | 12432 ||| INVOKING Heroism.
 12450 | Lair:5   | Identified the ring of Vuvous {rF+ rN+ Will++ Int-4 Dex+2}
 12566 | Lair:5   | 12566 ||| PLANNING D:1-11
 12566 | Lair:5   | 12566 ||| UPGRADING to +0 pair of boots.
 12571 | Lair:5   | 12571 ||| UPGRADING to +2 cloak of poison resistance.
 12581 | Lair:5   | 12581 ||| DROPPING +1 cloak.
 12582 | Lair:5   | 12582 ||| UPGRADING to ring of Vuvous {rF+ rN+ Will++ Int-4
                  | Dex+2}.
 12584 | Lair:5   | 12584 ||| UPGRADING to +5 ring of evasion.
 12733 | D:9      | 12733 ||| Stepping ~*~*~tactically~*~*~ (stealth).
 12735 | D:9      | 12735 ||| Stepping ~*~*~tactically~*~*~ (stealth).
 12743 | D:9      | 12743 ||| Stepping ~*~*~tactically~*~*~ (hiding).
 12746 | D:9      | 12746 ||| Stepping ~*~*~tactically~*~*~ (hiding).
 12872 | D:9      | 12872 ||| Stepping ~*~*~tactically~*~*~ (hiding).
 12877 | D:9      | 12877 ||| Stepping ~*~*~tactically~*~*~ (hiding).
 13163 | D:9      | Found Zeir's Jewellery Emporium.
 13169 | D:9      | 13169 ||| BUYING +5 ring of evasion (396 gold).
 13169 | D:9      | Bought a +5 ring of evasion for 396 gold pieces
 13169 | D:9      | 13169 ||| BUYING ring of fire (275 gold).
 13169 | D:9      | Bought a ring of fire for 275 gold pieces
 13169 | D:9      | 13169 ||| BUYING ring of protection from fire (275 gold).
 13169 | D:9      | Bought a ring of protection from fire for 275 gold pieces
 13184 | D:9      | 13184 ||| Stepping ~*~*~tactically~*~*~ (hiding).
 13187 | D:9      | 13187 ||| Stepping ~*~*~tactically~*~*~ (hiding).
 13259 | D:9      | 13259 ||| Stepping ~*~*~tactically~*~*~ (hiding).
 13274 | D:9      | 13274 ||| Stepping ~*~*~tactically~*~*~ (stealth).
 13275 | D:9      | 13275 ||| Stepping ~*~*~tactically~*~*~ (stealth).
 13501 | D:9      | You are sucked into a shaft and drop 2 floors!
 13510 | D:11     | 13510 ||| Stepping ~*~*~tactically~*~*~ (stealth).
 13514 | D:11     | 13514 ||| Stepping ~*~*~tactically~*~*~ (stealth).
 13517 | D:11     | 13517 ||| Stepping ~*~*~tactically~*~*~ (hiding).
 13620 | D:11     | 13620 ||| Stepping ~*~*~tactically~*~*~ (stealth).
 13654 | D:11     | 13654 ||| DROPPING +4 ring of slaying {mikee}.
 13655 | D:11     | 13655 ||| DROPPING ring of fire.
 13656 | D:11     | 13656 ||| DROPPING +4 ring of protection.
 13657 | D:11     | 13657 ||| READING scroll labelled IWUFOU IMAPTE.
 13663 | D:10     | Entered Level 10 of the Dungeon
 13684 | D:10     | 13684 ||| Stepping ~*~*~tactically~*~*~ (stealth).
 13890 | D:10     | 13890 ||| Stepping ~*~*~tactically~*~*~ (hiding).
 13898 | D:10     | 13898 ||| Stepping ~*~*~tactically~*~*~ (hiding).
 13914 | D:10     | 13914 ||| READING scroll of enchant armour.
 13914 | D:10     | 13914 ||| ENCHANTING +0 pair of boots.
 13959 | D:10     | Found Duidgh's Magic Scroll Shoppe.
 13965 | D:10     | 13965 ||| BUYING scroll of identify (24 gold).
 13965 | D:10     | Bought a scroll of identify for 24 gold pieces
 13965 | D:10     | 13965 ||| BUYING scroll of teleportation (36 gold).
 13965 | D:10     | Bought a scroll of teleportation for 36 gold pieces
 13965 | D:10     | 13965 ||| BUYING scroll of teleportation (36 gold).
 13965 | D:10     | Bought a scroll of teleportation for 36 gold pieces
 13965 | D:10     | 13965 ||| BUYING scroll of teleportation (36 gold).
 13965 | D:10     | Bought a scroll of teleportation for 36 gold pieces
 14054 | D:10     | Found a shimmering altar of Xom.
 14056 | D:10     | Found a shimmering altar of Xom.
 14056 | D:10     | Found a hazy altar of Hepliaklqana.
 14058 | D:10     | Found a burning altar of Makhleb.
 14058 | D:10     | Found a shimmering blue altar of Sif Muna.
 14058 | D:10     | Found a snail-covered altar of Cheibriados.
 14072 | D:10     | Noticed Maggie
 14073 | D:10     | 14073 ||| Stepping ~*~*~tactically~*~*~ (hiding).
 14088 | D:10     | Killed Maggie
 14088 | D:10     | Reached **** piety under Okawaru
 14184 | D:10     | 14184 ||| Stepping ~*~*~tactically~*~*~ (hiding).
 14186 | D:10     | 14186 ||| Stepping ~*~*~tactically~*~*~ (stealth).
 14344 | D:10     | Found a runed translucent door.
 14355 | D:10     | Noticed Maurice
 14361 | D:10     | 14361 ||| Stepping randomly (disturbance).
 14362 | D:10     | 14362 ||| Stepping randomly (disturbance).
 14423 | D:10     | Killed Maurice
 14440 | D:10     | Was forgiven by Ignis
 14596 | D:11     | Found a bloodstained altar of Trog.
 14709 | D:11     | 14709 ||| Stepping randomly (disturbance).
 14763 | D:11     | 14763 ||| READING scroll of enchant armour.
 14763 | D:11     | 14763 ||| ENCHANTING +1 pair of boots.
 14814 | D:11     | 14814 ||| Stepping ~*~*~tactically~*~*~ (stealth).
 14822 | D:11     | 14822 ||| Stepping ~*~*~tactically~*~*~ (stealth).
 14864 | D:11     | 14864 ||| Stepping ~*~*~tactically~*~*~ (hiding).
 14980 | D:11     | 14980 ||| Stepping ~*~*~tactically~*~*~ (stealth).
 14981 | D:11     | 14981 ||| Stepping ~*~*~tactically~*~*~ (stealth).
 15040 | D:11     | 15040 ||| PLANNING D
 15082 | D:12     | Found a frozen archway.
 15143 | D:12     | 15143 ||| Stepping ~*~*~tactically~*~*~ (hiding).
 15149 | D:12     | 15149 ||| Stepping ~*~*~tactically~*~*~ (hiding).
 15164 | D:12     | 15164 ||| Stepping ~*~*~tactically~*~*~ (stealth).
 15323 | D:12     | Found a staircase to the Orcish Mines.
 15324 | D:12     | 15324 ||| Stepping ~*~*~tactically~*~*~ (hiding).
 15328 | D:12     | 15328 ||| INVOKING Heroism.
 15426 | D:12     | 15426 ||| Stepping ~*~*~tactically~*~*~ (hiding).
 15450 | D:12     | 15450 ||| DROPPING +6 ring of intelligence.
 15451 | D:12     | 15451 ||| Stepping randomly (disturbance).
 15456 | D:12     | Reached ***** piety under Okawaru
 15460 | D:12     | 15460 ||| Stepping ~*~*~tactically~*~*~ (hiding).
 15462 | D:12     | 15462 ||| Stepping ~*~*~tactically~*~*~ (hiding).
 15474 | D:12     | 15474 ||| Stepping ~*~*~tactically~*~*~ (stealth).
 15477 | D:12     | 15477 ||| Stepping ~*~*~tactically~*~*~ (stealth).
 15478 | D:12     | 15478 ||| Stepping ~*~*~tactically~*~*~ (stealth).
 15537 | D:12     | 15537 ||| Stepping ~*~*~tactically~*~*~ (hiding).
 15543 | D:12     | Reached skill level 6 in Invocations
 15699 | D:12     | Found a portal to a secret trove of treasure.
 15833 | D:12     | 15833 ||| READING 10 scrolls of identify.
 15833 | D:12     | 15833 ||| IDENTIFYING silvery potion
 15834 | D:12     | 15834 ||| Stepping randomly (disturbance).
 15835 | D:12     | 15835 ||| Stepping randomly (disturbance).
 15843 | D:12     | Received a gift from Okawaru
 15938 | D:12     | 15938 ||| Stepping ~*~*~tactically~*~*~ (hiding).
 16332 | D:12     | 16332 ||| DROPPING +1 hat.
 16433 | D:13     | Received a gift from Okawaru
 16434 | D:13     | Reached XP level 15. HP: 63/96 MP: 20/20
 16434 | D:13     | 16434 ||| INVOKING Heroism.
 16446 | D:13     | Received a gift from Okawaru
 16477 | D:13     | 16477 ||| INVOKING Heroism.
 16491 | D:13     | Reached skill level 16 in Axes
 16491 | D:13     | 16491 ||| Stepping ~*~*~tactically~*~*~ (hiding).
 16686 | D:13     | 16686 ||| READING scroll of acquirement.
 16686 | D:13     | 16686 ||| ACQUIRING +2 heavy broad axe
 16686 | D:13     | Acquired a +2 heavy broad axe
 16688 | D:13     | 16688 ||| SWAPPING to +2 heavy broad axe.
 16689 | D:13     | 16689 ||| DROPPING +8 war axe "Fish" {elec, rElec rN+ Int+3
                  | Dex-3}.
 16690 | D:13     | 16690 ||| READING 5 scrolls of enchant weapon.
 16690 | D:13     | 16690 ||| ENCHANTING +2 heavy broad axe.
 16691 | D:13     | 16691 ||| READING 4 scrolls of enchant weapon.
 16691 | D:13     | 16691 ||| ENCHANTING +3 heavy broad axe.
 16692 | D:13     | 16692 ||| READING 3 scrolls of enchant weapon.
 16692 | D:13     | 16692 ||| ENCHANTING +4 heavy broad axe.
 16693 | D:13     | 16693 ||| READING 2 scrolls of enchant weapon.
 16693 | D:13     | 16693 ||| ENCHANTING +5 heavy broad axe.
 16694 | D:13     | 16694 ||| READING scroll of enchant weapon.
 16694 | D:13     | 16694 ||| ENCHANTING +6 heavy broad axe.
 16721 | D:13     | Found a gate to the Vaults.
 16911 | D:13     | 16911 ||| READING scroll labelled KORAICW NEAM.
 16912 | D:13     | 16912 ||| DROPPING +1 hand axe of flaming.
 16913 | D:13     | 16913 ||| READING scroll labelled BANTURIYQO.
 16999 | D:14     | 16999 ||| INVOKING Heroism.
 17000 | D:14     | 17000 ||| READING 10 scrolls of teleportation.
 17097 | D:14     | Reached skill level 9 in Invocations
 17107 | D:14     | Found a runed translucent gate.
 17108 | D:14     | Found a runed translucent gate.
 17109 | D:14     | Found a runed translucent gate.
 17112 | D:14     | Noticed Imiczer's ghost (journeyman FoFi)
 17191 | D:14     | Received a gift from Okawaru
 17212 | D:14     | 17212 ||| Stepping ~*~*~tactically~*~*~ (stealth).
 17222 | D:14     | 17222 ||| INVOKING Heroism.
 17224 | D:14     | 17224 ||| READING 10 scrolls of teleportation.
 17228 | D:14     | HP: 13/96 [titanic slime creature (83)]
 17229 | D:14     | 17229 ||| DRINKING 2 potions of heal wounds.
 17279 | D:14     | Found a hide-covered altar of Uskayaw.
 17349 | D:14     | 17349 ||| Stepping ~*~*~tactically~*~*~ (stealth).
 17351 | D:14     | 17351 ||| Stepping ~*~*~tactically~*~*~ (stealth).
 17399 | D:14     | Found a radiant altar of Vehumet.
 17587 | D:15     | Entered Level 15 of the Dungeon
 17608 | D:15     | 17608 ||| Stepping ~*~*~tactically~*~*~ (hiding).
 17610 | D:15     | 17610 ||| Stepping ~*~*~tactically~*~*~ (hiding).
 17613 | D:15     | 17613 ||| INVOKING Heroism.
 17649 | D:15     | 17649 ||| Stepping ~*~*~tactically~*~*~ (hiding).
 17757 | D:15     | 17757 ||| Stepping ~*~*~tactically~*~*~ (hiding).
 17758 | D:15     | 17758 ||| Stepping ~*~*~tactically~*~*~ (hiding).
 17761 | D:15     | 17761 ||| Stepping ~*~*~tactically~*~*~ (hiding).
 17764 | D:15     | 17764 ||| Stepping ~*~*~tactically~*~*~ (hiding).
 17765 | D:15     | 17765 ||| Stepping ~*~*~tactically~*~*~ (hiding).
 17970 | D:15     | Found a transporter.
 18138 | D:15     | 18138 ||| Stepping ~*~*~tactically~*~*~ (stealth).
 18140 | D:15     | 18140 ||| Stepping ~*~*~tactically~*~*~ (stealth).
 18155 | D:15     | 18155 ||| READING 9 scrolls of teleportation.
 18156 | D:15     | 18156 ||| INVOKING Heroism.
 18202 | D:15     | 18202 ||| Stepping ~*~*~tactically~*~*~ (stealth).
 18245 | D:15     | 18245 ||| Stepping ~*~*~tactically~*~*~ (hiding).
 18255 | D:15     | Received a gift from Okawaru
 18269 | D:15     | 18269 ||| Stepping ~*~*~tactically~*~*~ (hiding).
 18284 | D:15     | Found a staircase to the Depths.
 18289 | D:15     | 18289 ||| PLANNING ORC
 18381 | Orc:1    | Entered Level 1 of the Orcish Mines
 18382 | Orc:1    | 18382 ||| Stepping ~*~*~tactically~*~*~ (hiding).
 18383 | Orc:1    | 18383 ||| Stepping ~*~*~tactically~*~*~ (hiding).
 18385 | Orc:1    | 18385 ||| Stepping ~*~*~tactically~*~*~ (stealth).
 18387 | Orc:1    | 18387 ||| Stepping ~*~*~tactically~*~*~ (hiding).
 18388 | Orc:1    | 18388 ||| INVOKING Heroism.
 18390 | Orc:1    | 18390 ||| Stepping ~*~*~tactically~*~*~ (hiding).
 18410 | Orc:1    | 18410 ||| Stepping ~*~*~tactically~*~*~ (hiding).
 18411 | Orc:1    | 18411 ||| Stepping ~*~*~tactically~*~*~ (hiding).
 18418 | Orc:1    | 18418 ||| Stepping ~*~*~tactically~*~*~ (hiding).
 18430 | Orc:1    | 18430 ||| Stepping ~*~*~tactically~*~*~ (stealth).
 18434 | Orc:1    | 18434 ||| Stepping ~*~*~tactically~*~*~ (hiding).
 18679 | Orc:2    | Entered Level 2 of the Orcish Mines
 18679 | Orc:2    | Noticed Erolcha
 18679 | Orc:2    | Noticed Azrael
 18680 | Orc:2    | 18680 ||| INVOKING Heroism.
 18681 | Orc:2    | 18681 ||| INVOKING Finesse.
 18690 | Orc:2    | Reached skill level 12 in Armour
 18695 | Orc:2    | Killed Azrael
 18699 | Orc:2    | Killed Erolcha
 18737 | Orc:2    | Found a staircase to the Elven Halls.
 18750 | Orc:2    | 18750 ||| Stepping randomly (disturbance).
 18751 | Orc:2    | 18751 ||| Stepping randomly (disturbance).
 18753 | Orc:2    | 18753 ||| Stepping randomly (disturbance).
 18946 | Orc:2    | 18946 ||| Stepping ~*~*~tactically~*~*~ (hiding).
 18947 | Orc:2    | 18947 ||| Stepping ~*~*~tactically~*~*~ (hiding).
 18956 | Orc:2    | 18956 ||| Stepping ~*~*~tactically~*~*~ (stealth).
 18957 | Orc:2    | 18957 ||| Stepping ~*~*~tactically~*~*~ (stealth).
 18959 | Orc:2    | 18959 ||| Stepping ~*~*~tactically~*~*~ (hiding).
 18960 | Orc:2    | 18960 ||| Stepping ~*~*~tactically~*~*~ (hiding).
 18962 | Orc:2    | 18962 ||| Stepping ~*~*~tactically~*~*~ (hiding).
 18963 | Orc:2    | 18963 ||| Stepping ~*~*~tactically~*~*~ (hiding).
 18965 | Orc:2    | 18965 ||| Stepping ~*~*~tactically~*~*~ (hiding).
 18977 | Orc:2    | 18977 ||| Stepping ~*~*~tactically~*~*~ (stealth).
 18978 | Orc:2    | 18978 ||| Stepping ~*~*~tactically~*~*~ (stealth).
 18992 | Orc:2    | 18992 ||| Stepping ~*~*~tactically~*~*~ (stealth).
 19004 | Orc:2    | 19004 ||| Stepping ~*~*~tactically~*~*~ (stealth).
 19045 | Orc:2    | 19045 ||| Stepping ~*~*~tactically~*~*~ (stealth).
 19046 | Orc:2    | 19046 ||| Stepping ~*~*~tactically~*~*~ (stealth).
 19047 | Orc:2    | 19047 ||| Stepping ~*~*~tactically~*~*~ (stealth).
 19049 | Orc:2    | 19049 ||| Stepping ~*~*~tactically~*~*~ (hiding).
 19050 | Orc:2    | 19050 ||| Stepping ~*~*~tactically~*~*~ (hiding).
 19052 | Orc:2    | 19052 ||| INVOKING Heroism.
 19073 | Orc:2    | Received a gift from Okawaru
 19078 | Orc:2    | 19078 ||| Stepping ~*~*~tactically~*~*~ (hiding).
 19084 | Orc:2    | 19084 ||| Stepping randomly (disturbance).
 19085 | Orc:2    | 19085 ||| Stepping randomly (disturbance).
 19088 | Orc:2    | 19088 ||| Stepping randomly (disturbance).
 19094 | Orc:2    | 19094 ||| Stepping randomly (disturbance).
 19096 | Orc:2    | 19096 ||| Stepping ~*~*~tactically~*~*~ (stealth).
 19130 | Orc:2    | 19130 ||| Stepping ~*~*~tactically~*~*~ (stealth).
 19145 | Orc:2    | 19145 ||| INVOKING Heroism.
 19208 | Orc:2    | Reached XP level 16. HP: 101/101 MP: 23/23
 19214 | Orc:2    | 19214 ||| Stepping ~*~*~tactically~*~*~ (stealth).
 19215 | Orc:2    | 19215 ||| Stepping ~*~*~tactically~*~*~ (stealth).
 19216 | Orc:2    | 19216 ||| Stepping ~*~*~tactically~*~*~ (stealth).
 19217 | Orc:2    | 19217 ||| INVOKING Heroism.
 19231 | Orc:2    | Found Bibaguy's Armour Shop.
 19231 | Orc:2    | Found Wasuaps's Antique Armour Shop.
 19232 | Orc:2    | 19232 ||| Stepping ~*~*~tactically~*~*~ (stealth).
 19233 | Orc:2    | Found Qoafonec's Jewellery Boutique.
 19234 | Orc:2    | 19234 ||| Stepping ~*~*~tactically~*~*~ (stealth).
 19237 | Orc:2    | 19237 ||| Stepping ~*~*~tactically~*~*~ (hiding).
 19247 | Orc:2    | 19247 ||| Stepping ~*~*~tactically~*~*~ (hiding).
 19260 | Orc:2    | 19260 ||| Stepping ~*~*~tactically~*~*~ (stealth).
 19261 | Orc:2    | 19261 ||| Stepping ~*~*~tactically~*~*~ (stealth).
 19262 | Orc:2    | 19262 ||| Stepping ~*~*~tactically~*~*~ (stealth).
 19263 | Orc:2    | 19263 ||| INVOKING Heroism.
 19288 | Orc:2    | Found Xairhot's Distillery.
 19292 | Orc:2    | 19292 ||| BUYING pair of embroidered gloves (202 gold).
 19292 | Orc:2    | Bought a pair of embroidered gloves for 202 gold pieces
 19370 | Orc:2    | 19370 ||| UPGRADING to +2 pair of gloves of dexterity.
 19638 | Orc:2    | 19638 ||| Stepping ~*~*~tactically~*~*~ (hiding).
 19644 | Orc:2    | 19644 ||| INVOKING Heroism.
 19656 | Orc:2    | Received a gift from Okawaru
 19789 | Orc:2    | 19789 ||| PLANNING SWAMP:1-3
 19789 | Orc:2    | 19789 ||| PLANNING LAIR
 20100 | Lair:5   | 20100 ||| PLANNING SWAMP:1-3
 20156 | Swamp:1  | Entered Level 1 of the Swamp
 20165 | Swamp:1  | Reached skill level 3 in Dodging
 20226 | Swamp:1  | 20226 ||| Stepping ~*~*~tactically~*~*~ (hiding).
 20276 | Swamp:1  | 20276 ||| Stepping ~*~*~tactically~*~*~ (hiding).
 20292 | Swamp:1  | 20292 ||| Stepping ~*~*~tactically~*~*~ (stealth).
 20294 | Swamp:1  | 20294 ||| Stepping ~*~*~tactically~*~*~ (hiding).
 20295 | Swamp:1  | 20295 ||| Stepping ~*~*~tactically~*~*~ (stealth).
 20296 | Swamp:1  | 20296 ||| Stepping ~*~*~tactically~*~*~ (hiding).
 20298 | Swamp:1  | 20298 ||| INVOKING Heroism.
 20321 | Swamp:1  | Reached skill level 17 in Axes
 20336 | Swamp:1  | Received a gift from Okawaru
 20407 | Swamp:1  | 20407 ||| Stepping ~*~*~tactically~*~*~ (hiding).
 20408 | Swamp:1  | 20408 ||| Stepping ~*~*~tactically~*~*~ (hiding).
 20409 | Swamp:1  | 20409 ||| Stepping ~*~*~tactically~*~*~ (hiding).
 20410 | Swamp:1  | 20410 ||| Stepping ~*~*~tactically~*~*~ (hiding).
 20420 | Swamp:1  | 20420 ||| Stepping ~*~*~tactically~*~*~ (cloud).
 20469 | Swamp:1  | 20469 ||| Stepping ~*~*~tactically~*~*~ (hiding).
 20470 | Swamp:1  | 20470 ||| Stepping ~*~*~tactically~*~*~ (hiding).
 20611 | Swamp:1  | Found a radiant altar of Vehumet.
 20626 | Swamp:1  | 20626 ||| Stepping ~*~*~tactically~*~*~ (cloud).
 20871 | Swamp:1  | 20871 ||| Stepping ~*~*~tactically~*~*~ (hiding).
 20873 | Swamp:1  | 20873 ||| INVOKING Heroism.
 20910 | Swamp:2  | 20910 ||| INVOKING Heroism.
 20983 | Swamp:2  | Received a gift from Okawaru
 21088 | Swamp:2  | 21088 ||| Stepping ~*~*~tactically~*~*~ (stealth).
 21107 | Swamp:2  | 21107 ||| INVOKING Heroism.
 21147 | Swamp:2  | Received a gift from Okawaru
 21487 | Swamp:2  | 21487 ||| DROPPING +2 helmet.
 21488 | Swamp:2  | 21488 ||| DROPPING ring of wizardry.
 21507 | Swamp:3  | 21507 ||| Stepping ~*~*~tactically~*~*~ (hiding).
 21508 | Swamp:3  | Noticed a thorn hunter
 21509 | Swamp:3  | 21509 ||| INVOKING Heroism.
 21510 | Swamp:3  | 21510 ||| INVOKING Finesse.
 21514 | Swamp:3  | Noticed a tentacled monstrosity
 21522 | Swamp:3  | Received a gift from Okawaru
 21527 | Swamp:3  | Killed a thorn hunter
 21536 | Swamp:3  | Killed a tentacled monstrosity
 21546 | Swamp:3  | Received a gift from Okawaru
 21579 | Swamp:3  | 21579 ||| Stepping ~*~*~tactically~*~*~ (hiding).
 21586 | Swamp:3  | 21586 ||| Stepping ~*~*~tactically~*~*~ (hiding).
 21588 | Swamp:3  | 21588 ||| Stepping ~*~*~tactically~*~*~ (hiding).
 21595 | Swamp:3  | Reached skill level 6 in Throwing
 21597 | Swamp:3  | 21597 ||| Stepping ~*~*~tactically~*~*~ (cloud).
 21599 | Swamp:3  | 21599 ||| Stepping ~*~*~tactically~*~*~ (cloud).
 21727 | Swamp:3  | 21727 ||| Stepping ~*~*~tactically~*~*~ (cloud).
 21774 | Swamp:3  | Received a gift from Okawaru
 21782 | Swamp:3  | 21782 ||| INVOKING Heroism.
 21853 | Swamp:3  | 21853 ||| Stepping ~*~*~tactically~*~*~ (hiding).
 21855 | Swamp:3  | 21855 ||| Stepping ~*~*~tactically~*~*~ (hiding).
 22069 | Swamp:3  | 22069 ||| Stepping ~*~*~tactically~*~*~ (hiding).
 22072 | Swamp:3  | 22072 ||| INVOKING Heroism.
 22216 | Swamp:3  | 22216 ||| PLANNING SPIDER:1-3
 22216 | Swamp:3  | 22216 ||| DROPPING +1 pair of boots of rampaging.
 22217 | Swamp:3  | 22217 ||| DROPPING +6 ring of dexterity.
 22291 | Spider:1 | Entered Level 1 of the Spider Nest
 22292 | Spider:1 | 22292 ||| INVOKING Heroism.
 22354 | Spider:1 | 22354 ||| Stepping randomly (disturbance).
 22355 | Spider:1 | 22355 ||| Stepping randomly (disturbance).
 22446 | Spider:1 | Reached XP level 17. HP: 108/108 MP: 13/24
 22508 | Spider:1 | 22508 ||| INVOKING Finesse.
 22529 | Spider:1 | 22529 ||| Stepping randomly (stuck).
 22530 | Spider:1 | 22530 ||| Stepping randomly (stuck).
 22531 | Spider:1 | 22531 ||| Stepping randomly (stuck).
 22532 | Spider:1 | 22532 ||| Stepping randomly (stuck).
 22533 | Spider:1 | 22533 ||| Stepping randomly (stuck).
 22562 | Spider:1 | 22562 ||| INVOKING Heroism.
 22629 | Spider:1 | 22629 ||| READING scroll of acquirement.
 22629 | Spider:1 | 22629 ||| ACQUIRING scarf of Youthful Indiscretion {rC+
                  | rF+, Regen+}
 22629 | Spider:1 | Acquired the scarf of Youthful Indiscretion {rC+ rF+,
                  | Regen+}
 22631 | Spider:1 | 22631 ||| UPGRADING to scarf of Youthful Indiscretion {rC+
                  | rF+, Regen+}.
 22641 | Spider:1 | 22641 ||| DROPPING +2 cloak of poison resistance.
 22665 | Spider:1 | 22665 ||| Stepping ~*~*~tactically~*~*~ (stealth).
 22679 | Spider:1 | 22679 ||| Stepping ~*~*~tactically~*~*~ (stealth).
 22680 | Spider:1 | 22680 ||| Stepping ~*~*~tactically~*~*~ (stealth).
 22728 | Spider:1 | 22728 ||| INVOKING Finesse.
 22921 | Spider:1 | 22921 ||| DROPPING ring of resist corrosion.
 22926 | Spider:1 | 22926 ||| INVOKING Heroism.
 22938 | Spider:1 | Reached skill level 18 in Axes
 23339 | Spider:1 | 23339 ||| Stepping ~*~*~tactically~*~*~ (hiding).
 23341 | Spider:1 | 23341 ||| Stepping ~*~*~tactically~*~*~ (stealth).
 23346 | Spider:1 | 23346 ||| Stepping ~*~*~tactically~*~*~ (stealth).
 23391 | Spider:1 | 23391 ||| INVOKING Heroism.
 23570 | Spider:1 | 23570 ||| DROPPING +2 cloak.
 23680 | Spider:2 | 23680 ||| Stepping ~*~*~tactically~*~*~ (stealth).
 23681 | Spider:2 | 23681 ||| Stepping ~*~*~tactically~*~*~ (stealth).
 23684 | Spider:2 | 23684 ||| INVOKING Heroism.
 23741 | Spider:2 | 23741 ||| Stepping ~*~*~tactically~*~*~ (hiding).
 23742 | Spider:2 | 23742 ||| Stepping ~*~*~tactically~*~*~ (hiding).
 23796 | Spider:2 | 23796 ||| Stepping ~*~*~tactically~*~*~ (hiding).
 23798 | Spider:2 | 23798 ||| INVOKING Heroism.
 23833 | Spider:2 | 23833 ||| Stepping ~*~*~tactically~*~*~ (stealth).
 23855 | Spider:2 | 23855 ||| INVOKING Heroism.
 23866 | Spider:2 | Received a gift from Okawaru
 24018 | Spider:2 | 24018 ||| Stepping ~*~*~tactically~*~*~ (stealth).
 24093 | Spider:2 | 24093 ||| Stepping randomly (disturbance).
 24094 | Spider:2 | 24094 ||| Stepping randomly (disturbance).
 24095 | Spider:2 | 24095 ||| Stepping randomly (disturbance).
 24096 | Spider:2 | 24096 ||| Stepping randomly (disturbance).
 24097 | Spider:2 | 24097 ||| Stepping randomly (disturbance).
 24242 | Spider:2 | Identified the +2 falchion "Weckucuh" {flame, rC++ rCorr
                  | SInv Stlth-}
 24245 | Spider:2 | 24245 ||| INVOKING Heroism.
 24472 | Spider:2 | 24472 ||| Stepping ~*~*~tactically~*~*~ (stealth).
 24474 | Spider:2 | 24474 ||| Stepping ~*~*~tactically~*~*~ (stealth).
 24489 | Spider:2 | Received a gift from Okawaru
 24530 | Spider:2 | 24530 ||| Stepping ~*~*~tactically~*~*~ (stealth).
 24532 | Spider:2 | 24532 ||| Stepping ~*~*~tactically~*~*~ (stealth).
 24630 | Spider:2 | 24630 ||| Stepping ~*~*~tactically~*~*~ (hiding).
 24639 | Spider:2 | 24639 ||| Stepping ~*~*~tactically~*~*~ (stealth).
 24800 | Spider:2 | 24800 ||| INVOKING Heroism.
 24834 | Spider:2 | 24834 ||| READING scroll of acquirement.
 24834 | Spider:2 | 24834 ||| ACQUIRING +1 hat of see invisible
 24834 | Spider:2 | Acquired a +1 hat of see invisible
 24836 | Spider:2 | 24836 ||| UPGRADING to +1 hat of see invisible.
 24846 | Spider:2 | 24846 ||| READING scroll of enchant armour.
 24846 | Spider:2 | 24846 ||| ENCHANTING +1 hat of see invisible.
 25056 | Spider:2 | 25056 ||| INVOKING Heroism.
 25146 | Spider:2 | 25146 ||| Stepping ~*~*~tactically~*~*~ (hiding).
 25150 | Spider:2 | 25150 ||| INVOKING Heroism.
 25163 | Spider:2 | 25163 ||| INVOKING Finesse.
 25192 | Spider:2 | Received a gift from Okawaru
 25193 | Spider:2 | Reached skill level 15 in Fighting
 25257 | Spider:2 | 25257 ||| DROPPING +1 pair of gloves.
 25420 | Spider:2 | 25420 ||| DRINKING 2 fuming silvery potions.
 25421 | Spider:2 | 25421 ||| DROPPING potion of brilliance.
 25514 | Spider:3 | 25514 ||| INVOKING Heroism.
 25549 | Spider:3 | 25549 ||| Stepping ~*~*~tactically~*~*~ (stealth).
 25550 | Spider:3 | 25550 ||| Stepping ~*~*~tactically~*~*~ (stealth).
 25552 | Spider:3 | 25552 ||| Stepping ~*~*~tactically~*~*~ (stealth).
 25557 | Spider:3 | Received a gift from Okawaru
 25726 | Spider:3 | 25726 ||| Stepping ~*~*~tactically~*~*~ (hiding).
 25775 | Spider:3 | 25775 ||| Stepping ~*~*~tactically~*~*~ (stealth).
 26092 | Spider:3 | 26092 ||| Stepping ~*~*~tactically~*~*~ (hiding).
 26093 | Spider:3 | 26093 ||| Stepping ~*~*~tactically~*~*~ (hiding).
 26104 | Spider:3 | Reached skill level 15 in Shields
 26106 | Spider:3 | Reached XP level 18. HP: 119/119 MP: 25/25
 26162 | Spider:3 | 26162 ||| Stepping ~*~*~tactically~*~*~ (stealth).
 26164 | Spider:3 | 26164 ||| Stepping ~*~*~tactically~*~*~ (stealth).
 26308 | Spider:3 | 26308 ||| READING scroll of brand weapon.
 26308 | Spider:3 | 26308 ||| BRANDING +7 broad axe of flaming.
 26313 | Spider:3 | 26313 ||| DROPPING +1 pair of boots.
 26468 | Spider:4 | Entered Level 4 of the Spider Nest
 26499 | Spider:4 | 26499 ||| INVOKING Finesse.
 26502 | Spider:4 | 26502 ||| Stepping ~*~*~tactically~*~*~ (hiding).
 26507 | Spider:4 | 26507 ||| Stepping ~*~*~tactically~*~*~ (hiding).
 26511 | Spider:4 | Received a gift from Okawaru
 26554 | Spider:4 | 26554 ||| INVOKING Finesse.
 26655 | Spider:4 | 26655 ||| INVOKING Finesse.
 26732 | Spider:4 | 26732 ||| Stepping ~*~*~tactically~*~*~ (hiding).
 26733 | Spider:4 | 26733 ||| Stepping ~*~*~tactically~*~*~ (hiding).
 26898 | Spider:4 | 26898 ||| Stepping ~*~*~tactically~*~*~ (hiding).
 26906 | Spider:4 | 26906 ||| INVOKING Heroism.
 26914 | Spider:4 | 26914 ||| INVOKING Finesse.
 26955 | Spider:4 | Identified the +0 flail of Crystal {flame, rPois rN+ Dex+2}
 27182 | Spider:4 | Received a gift from Okawaru
 27185 | Spider:4 | 27185 ||| INVOKING Heroism.
 27193 | Spider:4 | HP: 27/120 [jumping spider (11)]
 27193 | Spider:4 | HP: 4/120 [jumping spider (12)]
 27194 | Spider:4 | 27194 ||| READING 9 scrolls of teleportation.
 27194 | Spider:4 | Slain by a wolf spider

Levels and vault maps discovered:
D:1:      mrwooster_arrival_statue_3, layout_rooms,
          shapermc_ecumenical_altar_hornbeckon
D:2:      layout_rooms, basic_altar, minmay_3d_cube
D:3:      layout_basic, uniq_ijyb
D:4:      layout_gridville, grunt_temple_overflow_open, supply_closet_lemuel,
          hangedman_abyss_or_decor_lesser_grid
D:5:      layout_loops_ring, ebering_ghost_rock_garden,
          chequers_serial_rivers_micro_e, minmay_manual_mail
D:6:      layout_basic, lightli_sewer_entry_pipes
D:7:      layout_rooms, nemelex_spade_bored_becter,
          minmay_temple_entry_junction, serial_undead, serial_undead_d,
          serial_undead_e, serial_undead_d, serial_undead_f, serial_undead_a,
          serial_undead_a, ebering_ghost_rock_garden,
          nicolae_nh_oracle_at_delphi
D:8:      layout_loops_ring, chei_slow_surprise, erik_lair_orcish_takeover,
          minmay_shattered_shrine
D:9:      layout_stronghold, serial_shops, shop, serial_rivers,
          chequers_serial_rivers_micro_d, chequers_serial_rivers_micro_e,
          chequers_serial_rivers_room_b, chequers_serial_rivers_small_3,
          chequers_serial_rivers_micro_e, chequers_serial_rivers_micro_a
D:10:     gammafunk_mikee_crab_dinner, layout_long_grid, doesnt_xom_only_xom,
          serial_shops, nicolae_shop_statue_plus, minmay_chambers_of_fives,
          uniq_maurice, uniq_maggie
D:11:     layout_rooms, trog_butcher_becter
D:12:     layout_basic, david_orc_5, portal_ice_cave_entry_pillars_2,
          nicolae_trove_entry_crystal, billiards_dpeg
D:13:     layout_rooms, erik_vaults_2
D:14:     layout_rooms, maelrawn_ghost_gauntlet_escape, fiery_altar_vehumet,
          nicolae_uskayaw_suspiria
D:15:     gammafunk_enter_depths_forms, layout_cave_pools, serial_bayou_pond_d,
          minmay_strange_pillars, nicolae_diode_basic
Temple:   kb_temple_of_zot
Lair:1:   layout_chaotic_city, basic_altar, uniq_harold
Lair:2:   layout_chaotic_city, skrybe_swamp_entry_bodies, dummy_spider_entry,
          basic_altar, chequers_serial_rivers_large_b
Lair:3:   layout_small_grid, grunt_megastairs_4
Lair:4:   layout_gridlike
Lair:5:   due_jungle_book, layout_regular_city, slime_entry_2, serial_forest,
          infiniplex_forest_lined_room_, infiniplex_forest_fountain,
          infiniplex_forest_clump_large, infiniplex_forest_lined_2,
          infiniplex_forest_clump_medium, infiniplex_forest_straight_3,
          infiniplex_forest_lined_3, infiniplex_forest_clump_small,
          infiniplex_forest_straight_2, infiniplex_forest_clump_tiny,
          chequers_serial_rivers_small_3, serial_bayou_ford_a,
          lemuel_oklob_altar
Swamp:1:  layout_basic_swamp, hangedman_swamp_ruin_hall, swamp_pool1,
          nicolae_swamp_godswood, nicolae_swamp_tree_designs
Swamp:2:  layout_basic_swamp, serial_swamp_ruin, evilmike_swamp_ruin_rubble_2,
          evilmike_swamp_ruin_house_3, evilmike_swamp_ruin_house_2,
          infiniplex_staircase_pool
Swamp:3:  layout_basic_swamp, nicolae_swamp_little_tower, swamp_pool4
Spider:1: nicolae_spider_mines_2, hangedman_spider_tarantella_strand
Spider:2: nicolae_spider_hilbert_zone_1 [nicolae_spider_hilbert_4_sides_1_open,
          nicolae_spider_hilbert_4_sides_1_open,
          nicolae_spider_hilbert_4_sides_1_open,
          nicolae_spider_hilbert_4_sides_1_open,
          nicolae_spider_hilbert_3_sides_1_open,
          nicolae_spider_hilbert_3_sides_1_open,
          nicolae_spider_hilbert_3_sides_1_open,
          nicolae_spider_hilbert_3_sides_1_open,
          nicolae_spider_hilbert_3_sides_1_open,
          nicolae_spider_hilbert_6_sides_1_open,
          nicolae_spider_hilbert_6_sides_1_open,
          nicolae_spider_hilbert_3_sides_1_open,
          nicolae_spider_hilbert_3_sides_1_open,
          nicolae_spider_hilbert_3_sides_1_open,
          nicolae_spider_hilbert_3_sides_1_open,
          nicolae_spider_hilbert_2_sides_1_open]
Spider:3: layout_spider_delve, spiders_nest_hornet_nest
Spider:4: grunt_spider_rune_parallel, drop_trap, nicolae_spider_bug_shape
Orc:1:    layout_caves
Orc:2:    st_orc_mages, layout_caves, basic_altar, nicolae_orc_bridge_out,
          nicolae_orc_sculptors_studio, bh_open_orc_temple, uniq_erolcha,
          uniq_azrael

Skill      XL: |  1  2  3  4  5  6  7  8  9 10 11 12 13 14 15 16 17 18 |
---------------+-------------------------------------------------------+-----
Axes           | 3 4 5 6 7 8 9 10 11 13 14 15 16 17 18 | 18.0
Armour         | 1 3 4 6 8 9 10 11 12 13 | 13.5
Fighting       | 4 5 6 7 8 9 10 11 12 13 15 16 | 16.0
Throwing       | 1 2 3 4 6 7 |  7.3
Dodging        | 1 2 4 |  4.2
Shields        | 7 9 10 11 12 13 15 | 15.0
Invocations    | 4 7 10 | 10.0
Spellcasting   | |  1.0
Fire Magic     | |  3.0

Action                     |  1- 3 |  4- 6 |  7- 9 | 10-12 | 13-15 | 16-18 || total
---------------------------+-------+-------+-------+-------+-------+-------++-------
  Melee: Hand axe          |   130 |   197 |   297 |   142 |     5 |       ||   771
         Punch             |     1 |       |       |       |       |       ||     1
         War axe           |       |       |    57 |   243 |   977 |       ||  1277
         Broad axe         |       |       |       |       |   280 |   960 ||  1240
  Throw: Boomerang         |       |    12 |    62 |    86 |   192 |   133 ||   485
         Javelin           |       |     8 |    11 |       |    24 |   112 ||   155
 Invoke: Fiery Armour      |     1 |     2 |     2 |     7 |     2 |       ||    14
         Heroism           |       |       |       |       |    30 |    24 ||    54
         Finesse           |       |       |       |       |     1 |     8 ||     9
    Use: Scroll            |     2 |     6 |     6 |     9 |    19 |     5 ||    47
         Potion            |     1 |     2 |     3 |     3 |     5 |     1 ||    15
 Armour: Robe              |    61 |    10 |       |       |       |       ||    71
         Leather armour    |       |    42 |       |       |       |       ||    42
         Ring mail         |       |    12 |    89 |       |       |       ||   101
         Scale mail        |       |       |    31 |       |       |       ||    31
         Chain mail        |       |       |    20 |    33 |       |       ||    53
         Plate armour      |       |       |       |   125 |   573 |   793 ||  1491
  Dodge: Dodged            |    97 |   142 |   224 |   148 |   440 |   583 ||  1634
  Block: Kite shield       |       |       |    25 |   198 |   689 |   622 ||  1534
         Buckler           |       |       |     8 |       |       |       ||     8
         Reflection        |       |       |       |     3 |    25 |     7 ||    35

Table legend:
 A = Non-vault XP
 B = Vault XP
 C = Vault XP percentage of total XP
 D = Non-vault monster count
 E = Vault monster count
 F = Vault count percentage of total count
                 A         B        C        D         E       F
            +---------+---------+-------+---------+---------+-------
      Total |  198124 |   66960 |  25.3 |     708 |     246 |  25.8
            +---------+---------+-------+---------+---------+-------
        D:1 |      42 |       0 |   0.0 |      22 |       0 |   0.0
        D:2 |      69 |       4 |   5.5 |      22 |       2 |   8.3
        D:3 |      78 |      36 |  31.6 |      18 |       1 |   5.3
        D:4 |      77 |       0 |   0.0 |      11 |       0 |   0.0
        D:5 |     543 |     480 |  46.9 |       9 |       3 |  25.0
        D:6 |     747 |     106 |  12.4 |      15 |      12 |  44.4
        D:7 |    1379 |    1437 |  51.0 |      20 |      23 |  53.5
        D:8 |    1122 |    4706 |  80.7 |      15 |      22 |  59.5
        D:9 |    1985 |       0 |   0.0 |      20 |       0 |   0.0
       D:10 |    1590 |    1363 |  46.2 |      19 |       7 |  26.9
       D:11 |    3992 |     284 |   6.6 |      18 |       4 |  18.2
       D:12 |    3038 |    2377 |  43.9 |      16 |      26 |  61.9
       D:13 |    9309 |    6926 |  42.7 |      33 |       8 |  19.5
       D:14 |    7173 |       0 |   0.0 |      17 |       0 |   0.0
       D:15 |    8087 |    4584 |  36.2 |      18 |       7 |  28.0
     Lair:1 |    2603 |     871 |  25.1 |      12 |       1 |   7.7
     Lair:2 |    7414 |     685 |   8.5 |      16 |       1 |   5.9
     Lair:3 |    8136 |    2137 |  20.8 |      27 |       9 |  25.0
     Lair:4 |    6762 |       0 |   0.0 |      24 |       0 |   0.0
     Lair:5 |   12435 |   15242 |  55.1 |      42 |      32 |  43.2
    Swamp:1 |   14836 |       0 |   0.0 |      26 |       0 |   0.0
    Swamp:2 |   10693 |       0 |   0.0 |      25 |       0 |   0.0
    Swamp:3 |   18210 |       0 |   0.0 |      28 |       0 |   0.0
   Spider:1 |   22872 |     497 |   2.1 |      58 |       2 |   3.3
   Spider:2 |   20122 |    9028 |  31.0 |      53 |      18 |  25.4
   Spider:3 |   16691 |       0 |   0.0 |      40 |       0 |   0.0
   Spider:4 |   12652 |    6645 |  34.4 |      36 |      14 |  28.0
      Orc:1 |    2739 |       0 |   0.0 |      23 |       0 |   0.0
      Orc:2 |    2728 |    9552 |  77.8 |      25 |      54 |  68.4
            +---------+---------+-------+---------+---------+-------
